cohdb
Replays
Latest Replays
All Replays
Popular Replays
Top Player Replays
Match Explorer
How It Works
Community
CoH3 Stats
Reddit
Sign in to upload your games and track your stats! →
Sign in with Steam
Match 44133086
Unlisted
Match 44133086
Overview
Messages
Build Orders
End
Construct Barracks
Engineer Squad
Riflemen Squad
Riflemen Squad
Construct Medical Station
Grenade Package
Selects Heavy Weapons
Selects Assault Carriers
Mechanized Support Center
Selects Exchangeable Parts
M1 Mortar Team
Construct Motor Pool
Engineer Squad
M8 Greyhound Armored Car
Improvised Armor
Designate Forward Repair Station
Riflemen Squad
M8 Greyhound Armored Car
Rapid Repairs
M8 Greyhound Armored Car
M8 Greyhound Armored Car
M1918 Browning Automatic Rifles
Selects M26 Pershing Heavy Tank
Designate Forward Repair Station
Riflemen Squad
Selects M2HB .50cal Heavy Machine Gun
Selects Rapid Reposition
M26 Pershing Heavy Tank
M3 75 mm Gun Motor Carriage
Riflemen Squad
M16 Multiple Gun Motor Carriage
梅依阁诗人
SuZhaoY
portalplayer
XuZhongwei
不吃荷包蛋
Hanz
0
0
Comments
sign in to comment!
No comments posted yet!